TOP OF THE 1ST |
West Michigan Whitecaps batting - Pitching for Peoria Chiefs : RHP Matt McClendon
|
Pitching: RHP Matt McClendon
|
|
Batting: LHB Denard Span
|
0-0: Ground out 6-3 (Groundball, 6, EV 90.0 MPH)
|
Batting: RHB Angelo Banos
|
0-0: Ball 1-0: Ground out 5-3 (Groundball, 5, EV 87.5 MPH)
|
Batting: SHB Juan Leon
|
0-0: Called Strike 0-1: Foul Ball, location: 2F 0-2: Ball 1-2: Ball 2-2: Strikes out swinging
|
Top of the 1st over - 0 runs, 0 hits, 0 errors, 0 left on base; West Michigan 0 - Peoria 0 |
BOTTOM OF THE 1ST |
Peoria Chiefs batting - Pitching for West Michigan Whitecaps : RHP Rudy Gonzalez
|
Pitching: RHP Rudy Gonzalez
|
|
Batting: RHB Andy Rohleder
|
0-0: Called Strike 0-1: Fly out, F7 (Line Drive, 7, EV 95.0 MPH)
|
Batting: LHB Steve Stanley
|
0-0: Called Strike 0-1: Foul Ball, location: 2F 0-2: Fly out, F7 (Flyball, 7S, EV 84.4 MPH)
|
Batting: RHB Moises Samaniego
|
0-0: Foul Ball, location: 3SF 0-1: Fly out, F3 (Popup, 3F, EV 81.3 MPH)
|
Bottom of the 1st over - 0 runs, 0 hits, 0 errors, 0 left on base; West Michigan 0 - Peoria 0 |
TOP OF THE 2ND |
West Michigan Whitecaps batting - Pitching for Peoria Chiefs : RHP Matt McClendon
|
Batting: RHB John Allen
|
0-0: Called Strike 0-1: Swinging Strike 0-2: Ball 1-2: Strikes out looking
|
Batting: LHB Jose Canales
|
0-0: Ball 1-0: Ball 2-0: Swinging Strike 2-1: Foul Ball, location: 2F 2-2: Strikes out swinging
|
Batting: RHB Edgar Trinidad
|
0-0: Called Strike 0-1: Ball 1-1: Ball 2-1: Swinging Strike 2-2: Ball 3-2: Fly out, F8 (Flyball, 78D, EV 110.0 MPH)
|
Top of the 2nd over - 0 runs, 0 hits, 0 errors, 0 left on base; West Michigan 0 - Peoria 0 |
BOTTOM OF THE 2ND |
Peoria Chiefs batting - Pitching for West Michigan Whitecaps : RHP Rudy Gonzalez
|
Batting: RHB Mike Costello
|
0-0: Ball 1-0: Foul Ball, location: 2F 1-1: Foul Ball, location: 3F 1-2: SINGLE (Groundball, 4MD, EV 110.0 MPH)
|
Batting: RHB Jeremy West
|
0-0: Ball 1-0: Fielders Choice at 2nd, 3-6 (Groundball, 34S, EV 86.3 MPH)
|
Batting: SHB Kenny Perez
|
0-0: SINGLE (Line Drive, 8LS, EV 104.4 MPH) Jeremy West to second
|
Batting: RHB Roberto Lugo
|
0-0: Ball 1-0: DOUBLE (Groundball, 5L, EV 108.8 MPH) Jeremy West scores Kenny Perez to third
|
Batting: RHB Brian Fatur
|
0-0: Ball 1-0: Ground out 6-3 (Groundball, 56, EV 90.6 MPH) Kenny Perez scores
|
Batting: SHB Omar Mendoza
|
0-0: Foul Ball, location: 5F 0-1: Called Strike 0-2: Foul Ball, location: 2F 0-2: Foul Ball, location: 2F 0-2: Ball 1-2: Ball 2-2: Ball 3-2: Strikes out looking
|
Bottom of the 2nd over - 2 runs, 3 hits, 0 errors, 1 left on base; West Michigan 0 - Peoria 2 |
TOP OF THE 3RD |
West Michigan Whitecaps batting - Pitching for Peoria Chiefs : RHP Matt McClendon
|
Batting: RHB Sean Patrick
|
0-0: Called Strike 0-1: Ball 1-1: Swinging Strike 1-2: Fly out, F9 (Flyball, 9D, EV 76.3 MPH)
|
Batting: SHB Chase Lambin
|
0-0: Ball 1-0: Ball 2-0: Called Strike 2-1: Called Strike 2-2: Foul Ball, location: 7LDF 2-2: Foul Ball, location: 25F 2-2: Ball 3-2: Fly out, F8 (Flyball, 8LM, EV 84.4 MPH)
|
Batting: LHB Jim Unknown
|
0-0: Called Strike 0-1: Ball 1-1: Ball 2-1: Called Strike 2-2: Foul Ball, location: 2F 2-2: Ball 3-2: Ground out U3 (Groundball, 34, EV 81.9 MPH)
|
Top of the 3rd over - 0 runs, 0 hits, 0 errors, 0 left on base; West Michigan 0 - Peoria 2 |
BOTTOM OF THE 3RD |
Peoria Chiefs batting - Pitching for West Michigan Whitecaps : RHP Rudy Gonzalez
|
Batting: RHB Andy Rohleder
|
0-0: DOUBLE (Flyball, 8RXD, EV 105.6 MPH)
|
Batting: LHB Steve Stanley
|
0-0: Ball 1-0: Foul Ball, location: 9LDF 1-1: Ball Wild Pitch! Andy Rohleder to third 2-1: Ground out 1-3 (Groundball, 15S, EV 74.4 MPH)
|
Batting: RHB Moises Samaniego
|
0-0: Foul Ball, location: 2F 0-1: Ball 1-1: Swinging Strike 1-2: Ball 2-2: Ball 3-2: Foul Ball, location: 2F 3-2: Ground out 6-3 (Groundball, P, EV 92.5 MPH) Andy Rohleder scores
|
Batting: RHB Mike Costello
|
0-0: Ball 1-0: Called Strike 1-1: Swinging Strike 1-2: Strikes out swinging
|
Bottom of the 3rd over - 1 run, 1 hit, 0 errors, 0 left on base; West Michigan 0 - Peoria 3 |
TOP OF THE 4TH |
West Michigan Whitecaps batting - Pitching for Peoria Chiefs : RHP Matt McClendon
|
Batting: LHB Denard Span
|
0-0: Foul Ball, location: 2F 0-1: Swinging Strike 0-2: Ball 1-2: Strikes out swinging
|
Batting: RHB Angelo Banos
|
0-0: Ball 1-0: Foul Ball, location: 3DF 1-1: Called Strike 1-2: SINGLE (Groundball, 5D, EV 103.1 MPH)
|
Batting: SHB Juan Leon
|
0-0: Called Strike 0-1: Ball 1-1: Grounds into double play, 5-4-3 (Groundball, 5S, EV 82.5 MPH)
|
Top of the 4th over - 0 runs, 1 hit, 0 errors, 0 left on base; West Michigan 0 - Peoria 3 |
BOTTOM OF THE 4TH |
Peoria Chiefs batting - Pitching for West Michigan Whitecaps : RHP Rudy Gonzalez
|
Batting: RHB Jeremy West
|
0-0: Ball 1-0: Foul Ball, location: 9LDF 1-1: Fly out, F6 (Popup, 6M, EV 58.1 MPH)
|
Batting: SHB Kenny Perez
|
0-0: Ground out U3 (Groundball, 3, EV 85.0 MPH)
|
Batting: RHB Roberto Lugo
|
0-0: Ball 1-0: Ball 2-0: Ball 3-0: Called Strike 3-1: Swinging Strike 3-2: SINGLE (Line Drive, 8RS, EV 105.6 MPH)
|
Batting: RHB Brian Fatur
|
0-0: Called Strike 0-1: Ball Passed Ball! Roberto Lugo to second 1-1: Foul Ball, location: 9LMF 1-2: Fly out, F8 (Flyball, 8LM, EV 91.9 MPH)
|
Bottom of the 4th over - 0 runs, 1 hit, 0 errors, 1 left on base; West Michigan 0 - Peoria 3 |
TOP OF THE 5TH |
West Michigan Whitecaps batting - Pitching for Peoria Chiefs : RHP Matt McClendon
|
Batting: RHB John Allen
|
0-0: Ball 1-0: Fly out, F3 (Popup, 3SF, EV 69.4 MPH)
|
Batting: LHB Jose Canales
|
0-0: Called Strike 0-1: Foul Ball, location: 3F 0-2: Foul Ball, location: 2F 0-2: SINGLE (Groundball, 6MD, EV 98.1 MPH)
|
Batting: RHB Edgar Trinidad
|
0-0: Ball 1-0: Ball 2-0: Grounds into double play, 4-6-3 (Groundball, 4, EV 85.0 MPH)
|
Top of the 5th over - 0 runs, 1 hit, 0 errors, 0 left on base; West Michigan 0 - Peoria 3 |
BOTTOM OF THE 5TH |
Peoria Chiefs batting - Pitching for West Michigan Whitecaps : RHP Rudy Gonzalez
|
Batting: SHB Omar Mendoza
|
0-0: Ball 1-0: Ball 2-0: Foul Ball, location: 2F 2-1: Ball 3-1: Ground out 4-3 (Groundball, 4MD, EV 82.5 MPH)
|
Batting: RHB Andy Rohleder
|
0-0: Ground out 6-3 (Groundball, 6D, EV 87.5 MPH)
|
Batting: LHB Steve Stanley
|
0-0: Called Strike 0-1: Ball 1-1: Ball 2-1: Ball 3-1: Foul Ball, location: 2F 3-2: Foul Ball, location: 3DF 3-2: Ground out 3-1 (Groundball, 34, EV 95.6 MPH)
|
Bottom of the 5th over - 0 runs, 0 hits, 0 errors, 0 left on base; West Michigan 0 - Peoria 3 |
TOP OF THE 6TH |
West Michigan Whitecaps batting - Pitching for Peoria Chiefs : RHP Matt McClendon
|
Batting: RHB Sean Patrick
|
0-0: Swinging Strike 0-1: Ball 1-1: Foul Ball, location: 5DF 1-2: Ball 2-2: Ball 3-2: Base on Balls
|
Batting: SHB Chase Lambin
|
0-0: Grounds into double play, 4-6-3 (Groundball, 4S, EV 86.9 MPH)
|
Batting: LHB Jim Unknown
|
0-0: Ball 1-0: SINGLE (Line Drive, 78S, EV 98.1 MPH)
|
Batting: LHB Denard Span
|
0-0: Ball 1-0: Ball 2-0: Foul Ball, location: 3F 2-1: Ball 3-1: SINGLE (Line Drive, 9S, EV 96.9 MPH) Jim Unknown to second
|
Batting: RHB Angelo Banos
|
0-0: Called Strike 0-1: SINGLE (Flyball, 4D, EV 84.4 MPH) Jim Unknown to third Denard Span to second
|
Batting: SHB Juan Leon
|
0-0: Ball 1-0: Ball 2-0: Called Strike 2-1: Foul Ball, location: 23F 2-2: Fly out, F4 (Popup, 4, EV 78.8 MPH)
|
Top of the 6th over - 0 runs, 3 hits, 0 errors, 3 left on base; West Michigan 0 - Peoria 3 |
BOTTOM OF THE 6TH |
Peoria Chiefs batting - Pitching for West Michigan Whitecaps : RHP Rudy Gonzalez
|
Batting: RHB Moises Samaniego
|
0-0: Ground out 4-3 (Groundball, 4, EV 81.9 MPH)
|
Batting: RHB Mike Costello
|
0-0: Ball 1-0: SINGLE (Groundball, 56S, EV 66.3 MPH) (infield hit)
|
Batting: RHB Jeremy West
|
0-0: Ball 1-0: Foul Ball, location: 9LSF 1-1: Ball 2-1: Ball 3-1: Fly out, F4 (Line Drive, 4, EV 63.8 MPH)
|
Batting: SHB Kenny Perez
|
0-0: Ball 1-0: Ball 2-0: Foul Ball, location: 2F 2-1: Ball 3-1: Base on Balls Mike Costello to second
|
Batting: RHB Roberto Lugo
|
0-0: Foul Ball, location: 9LMF 0-1: Ball 1-1: Ball 2-1: Swinging Strike 2-2: Foul Ball, location: 3FF 2-2: Foul Ball, location: 3F 2-2: Ball 3-2: Strikes out swinging
|
Bottom of the 6th over - 0 runs, 1 hit, 0 errors, 2 left on base; West Michigan 0 - Peoria 3 |
TOP OF THE 7TH |
West Michigan Whitecaps batting - Pitching for Peoria Chiefs : RHP Matt McClendon
|
Batting: RHB John Allen
|
0-0: Called Strike 0-1: Fly out, F3 (Line Drive, 4, EV 56.3 MPH)
|
Batting: LHB Jose Canales
|
0-0: Called Strike 0-1: Foul Ball, location: 2F 0-2: Strikes out looking
|
Batting: RHB Edgar Trinidad
|
0-0: Ball 1-0: Ball 2-0: Foul Ball, location: 2F 2-1: Ball 3-1: Base on Balls
|
Batting: RHB Sean Patrick
|
0-0: Called Strike 0-1: Foul Ball, location: 2F 0-2: Fly out, F7 (Line Drive, 7, EV 98.8 MPH)
|
Top of the 7th over - 0 runs, 0 hits, 0 errors, 1 left on base; West Michigan 0 - Peoria 3 |
BOTTOM OF THE 7TH |
Peoria Chiefs batting - Pitching for West Michigan Whitecaps : RHP Rudy Gonzalez
|
Pitching: RHP Derek Roper
|
|
Batting: RHB Brian Fatur
|
0-0: Ball 1-0: Ball 2-0: Ball 3-0: Foul Ball, location: 3F 3-1: Swinging Strike 3-2: Strikes out swinging
|
Batting: SHB Omar Mendoza
|
0-0: Called Strike 0-1: Ball 1-1: Fly out, F4 (Popup, 4, EV 69.4 MPH)
|
Batting: RHB Andy Rohleder
|
0-0: Ground out 5-3 (Groundball, 56, EV 110.0 MPH)
|
Bottom of the 7th over - 0 runs, 0 hits, 0 errors, 0 left on base; West Michigan 0 - Peoria 3 |
TOP OF THE 8TH |
West Michigan Whitecaps batting - Pitching for Peoria Chiefs : RHP Matt McClendon
|
Batting: SHB Chase Lambin
|
0-0: Ball 1-0: Foul Ball, location: 3F 1-1: Ball 2-1: Fly out, F7 (Line Drive, 7, EV 91.3 MPH)
|
Batting: LHB Jim Unknown
|
0-0: Called Strike 0-1: Ground out 4-3 (Groundball, 34D, EV 88.1 MPH)
|
Batting: LHB Denard Span
|
0-0: Ball 1-0: Called Strike 1-1: Ground out 6-3 (Groundball, 6, EV 100.0 MPH)
|
Top of the 8th over - 0 runs, 0 hits, 0 errors, 0 left on base; West Michigan 0 - Peoria 3 |
BOTTOM OF THE 8TH |
Peoria Chiefs batting - Pitching for West Michigan Whitecaps : RHP Derek Roper
|
Batting: LHB Steve Stanley
|
0-0: DOUBLE (Line Drive, 89D, EV 106.3 MPH)
|
Batting: RHB Moises Samaniego
|
0-0: Ball 1-0: Foul Ball, location: 23FF 1-1: SINGLE (Groundball, 6, EV 105.0 MPH) Steve Stanley to third
|
Batting: RHB Mike Costello
|
0-0: Foul Ball, location: 3FF 0-1: Ball 1-1: Foul Ball, location: 2LF 1-2: Fly out, F7 (Flyball, 78M, EV 91.3 MPH) Runner from 3rd tags up, SCORES, no throw by LF
|
Batting: RHB Jeremy West
|
0-0: Foul Ball, location: 9LMF 0-1: Ball 1-1: Ball 2-1: SINGLE (Flyball, 8RM, EV 96.3 MPH) Moises Samaniego to second
|
Batting: SHB Kenny Perez
|
0-0: Ball 1-0: Called Strike 1-1: Ball 2-1: Ball 3-1: Foul Ball, location: 3F 3-2: Foul Ball, location: 9LMF 3-2: Foul Ball, location: 25FF 3-2: Foul Ball, location: 2F 3-2: Foul Ball, location: 2F 3-2: Base on Balls Moises Samaniego to third Jeremy West to second
|
Batting: RHB Roberto Lugo
|
0-0: Swinging Strike 0-1: Ball 1-1: Ball 2-1: Ball 3-1: SINGLE (Line Drive, 8LS, EV 92.5 MPH) Moises Samaniego scores Jeremy West to third Kenny Perez to second
|
Pitching: LHP Mark Phillips
|
|
Batting: RHB Brian Fatur
|
0-0: Ball 1-0: Ball 2-0: Ball 3-0: Swinging Strike 3-1: Base on Balls Jeremy West scores Kenny Perez to third Roberto Lugo to second
|
Batting: SHB Omar Mendoza
|
0-0: Fly out, F7 (Flyball, 7, EV 98.1 MPH)
|
Batting: RHB Andy Rohleder
|
0-0: Called Strike 0-1: Ball 1-1: Swinging Strike 1-2: Foul Ball, location: 2F 1-2: Strikes out swinging
|
Bottom of the 8th over - 3 runs, 4 hits, 0 errors, 3 left on base; West Michigan 0 - Peoria 6 |
TOP OF THE 9TH |
West Michigan Whitecaps batting - Pitching for Peoria Chiefs : RHP Matt McClendon
|
Batting: RHB Angelo Banos
|
0-0: Ball 1-0: Called Strike 1-1: Foul Ball, location: 9LDF 1-2: SINGLE (Groundball, 34D, EV 108.1 MPH)
|
Pitching: LHP Aaron Krawiec
|
|
Batting: SHB Juan Leon
|
0-0: Ball 1-0: Called Strike 1-1: Ball 2-1: Called Strike 2-2: Strikes out swinging
|
Batting: RHB John Allen
|
0-0: Ball 1-0: Ball 2-0: Foul Ball, location: 2F 2-1: Foul Ball, location: 9LSF 2-2: Strikes out swinging
|
Batting: LHB Jose Canales
|
0-0: Ball 1-0: Ball 2-0: Called Strike 2-1: Swinging Strike 2-2: Ball 3-2: Strikes out looking
|
Top of the 9th over - 0 runs, 1 hit, 0 errors, 1 left on base; West Michigan 0 - Peoria 6 |
|